 Dungeon Crawl Stone Soup version 0.16-b1 (webtiles) character file.

44 Fluffy the Charmwright (level 3, 0/25 HPs)
             Began as a High Elf Skald on Mar 14, 2015.
             Slain by a jackal (3 damage)
             ... on level 2 of the Dungeon.
             The game lasted 00:06:26 (1852 turns).

Fluffy the Charmwright (High Elf Skald)             Turns: 1852, Time: 00:06:26

Health: 0/25       AC:  4    Str: 11    XL:     3   Next: 41%
Magic:  1/8        EV: 11    Int: 17    God:
Gold:   109        SH:  0    Dex: 14    Spells: 3 memorised, 2 levels left

rFire  . . .     SeeInvis .     a - +0 falchion
rCold  . . .     Clarity  .     b - +0 leather armour
rNeg   . . .     SustAb   .     (no shield)
rPois  .         Gourm    .     (no helmet)
rElec  .         Spirit   .     (no cloak)
rCorr  .         Warding  .     h - +0 pair of gloves (curse)
rMut   .         Stasis   .     (no boots)
MR     .....                    (no amulet)
Stlth  +.........               (no ring)
                                (no ring)

@: singing, very slightly contaminated, not resistant to hostile enchantments,
very unstealthy
A: no striking features
a: Stop Singing


You were on level 2 of the Dungeon.
You were hungry.

You visited 1 branch of the dungeon, and saw 2 of its levels.

You collected 109 gold pieces.

Inventory:

Hand weapons
 a - a +0 falchion (weapon)
Armour
 b - a +0 leather armour (worn)
 h - a cursed +0 pair of gloves (worn)
Scrolls
 k - a scroll of magic mapping
 l - a scroll of fear {unknown}
Potions
 e - a potion of degeneration {unknown}
 f - a potion of restore abilities
 j - a potion of curing
Books
 c - a book of Battle

   Spells                             Type                      Level
   a - Infusion                       Charms                       1
   b - Shroud of Golubria             Charms/Translocation         2
   c - Song of Slaying                Charms                       2
   d - Spectral Weapon                Hexes/Charms                 3
   e - Regeneration                   Charms/Necromancy            3
Comestibles
 d - a bread ration
 g - 2 beef jerkies
 i - a meat ration


   Skills:
 + Level 2.5 Fighting
 + Level 3.0 Long Blades
 - Level 0.8 Armour
 + Level 1.5 Dodging
 + Level 2.7 Spellcasting
 + Level 4.1 Charms
 + Level 0.4 Translocations


You had 2 spell levels left.
You knew the following spells:

 Your Spells              Type           Power        Failure   Level  Hunger
a - Infusion              Chrm           ###...       6%          1    #......
b - Song of Slaying       Chrm           ###.....     10%         2    ##.....
c - Shroud of Golubria    Chrm/Tloc      ##........   17%         2    ##.....


Dungeon Overview and Level Annotations

Branches:
Dungeon (2/15)

Altars:
Cheibriados


Message History

Your shroud bends the goblin's attack away.
The jackal barely misses you.
You barely miss the jackal.
The jackal is severely wounded.
The goblin hits you.
* * * LOW HITPOINT WARNING * * *
The jackal closely misses you.
You barely miss the jackal.
The jackal is severely wounded.
The jackal bites you but does no damage.
The goblin hits you but does no damage. The jackal bites you.
* * * LOW HITPOINT WARNING * * *
Your shroud falls apart!
The goblin completely misses you.
Casting: Song of Slaying
Confirm with . or Enter, or press ? or * to list all spells.
You miscast Shroud of Golubria.
You are very lightly contaminated with residual magic.
Strange energies run through your body. The jackal bites you.
You die...

****,,*,,,**,****.,,,*****,,,,,
*,,,,,,,,,,,,* #.********,,,,,
*,,,,***,,**,***#.,,,,,,**,,,,,
*,,,,*,,,,**,*,,..*****,#*,,,,,
*,,,,*,*****,,,**.#####.**,,,,,
**,***,*,,,,,,,**(.....,**,,,,,
*,* *,*,********#...#****,,...
*,***,*,** ######...# *,,<..
****,,,,,,,,* #.@hh#...# ***###
*,,,,,,*,*#####g##(#(..# *.,
*,,,,,,*,,..._.....((..# **#..
*,,,,,,*,,......g......# *...,
*,,,,,,**#..##....%r...######.###
*,,,,,,,,,.....#..........#......
*,,,,,,****#######..#.......#****
*,,,,,******,****#..#.#...).#
*,,,,,,,,,,,,,,,......#####.#


You could see 2 jackals and a goblin.

Vanquished Creatures
  An adder (D:2)
  2 giant cockroaches (D:1)
  6 goblins
  2 hobgoblins (D:1)
  6 jackals
  2 bats
  A giant newt (D:1)
  9 kobolds
  5 rats
34 creatures vanquished.

Notes
Turn   | Place    | Note
--------------------------------------------------------------
     0 | D:1      | Fluffy, the High Elf Skald, began the quest for the Orb.
     0 | D:1      | Reached XP level 1. HP: 14/14 MP: 4/4
   313 | D:1      | Reached XP level 2. HP: 10/19 MP: 0/6
   321 | D:1      | Learned a level 2 spell: Song of Slaying
   324 | D:1      | Learned a level 2 spell: Shroud of Golubria
   870 | D:1      | Reached skill level 4 in Charms
  1220 | D:2      | Reached XP level 3. HP: 7/25 MP: 4/8
  1232 | D:2      | HP: 1/37 [poisoned by an adder]
  1818 | D:2      | Found a snail-covered altar of Cheibriados.
  1852 | D:2      | Slain by a jackal

Action                   || total
-------------------------++-------
Melee: Falchion          ||   115
 Cast: Infusion          ||    10
       Shroud of Golubri ||     4
       Song of Slaying   ||     4
  Use: Potion            ||     2
       Scroll            ||     3
  Eat: Chunk             ||     3
